 Dungeon Crawl Stone Soup version 0.27.0-1-g7a089689b8 (webtiles) character file.

Game seed: 13337753668000479689

377 ZombieSheep the Cudgeller (level 6, -8/51 HPs)
             Began as a Gnoll Wanderer on Aug 6, 2021.
             Mangled by a gnoll sergeant (10 damage)
             ... on level 3 of the Dungeon.
             The game lasted 00:06:41 (3636 turns).

ZombieSheep the Cudgeller (Gnoll Wanderer)          Turns: 3636, Time: 00:06:42

Health: -8/51      AC:  5    Str: 10    XL:     6   Next: 73%
Magic:  9/9        EV: 11    Int: 10    God:
Gold:   163        SH:  0    Dex: 14    Spells: 9/9 levels left

rFire    . . .     SeeInvis +   b - +2 quarterstaff (freeze)
rCold    . . .     Faith    .   (shield currently unavailable)
rNeg     . . .     Spirit   .   g - +0 ring mail
rPois    .         Reflect  .   (no helmet)
rElec    .         Harm     .   (no cloak)
rCorr    .         Rampage  .   (no gloves)
Will     .....                  (no boots)
Stlth    ++........             (no amulet)
HPRegen  0.17/turn              e - ring of see invisible
MPRegen  0.11/turn              (no ring)

@: no status effects
A: fangs 1, strong nose, distributed training, sense surroundings 1, weak 1
a: no special abilities


You were on level 3 of the Dungeon.
You visited 1 branch of the dungeon, and saw 6 of its levels.

You collected 163 gold pieces.

Inventory:

Hand Weapons
 a - a +2 mace
 b - a +2 quarterstaff of freezing (weapon)
Armour
 d - a +0 robe
 g - a +0 ring mail (worn)
 k - a +0 chain mail
Jewellery
 c - a ring of flight
 e - a ring of see invisible (left hand)
Wands
 i - a wand of charming (6)
Scrolls
 l - 2 scrolls of identify
 n - a scroll of immolation {unknown}
 o - a scroll of silence {unknown}
 p - a scroll of teleportation
Potions
 f - 3 potions of curing
 h - a potion of ambrosia {unknown}
 j - 4 potions of magic
 m - 2 potions of heal wounds {unknown}


   Skills:
 + Level 5.0 Fighting
 + Level 2.1 Short Blades
 + Level 2.1 Long Blades
 + Level 2.1 Axes
 + Level 6.9 Maces & Flails
 + Level 2.1 Polearms
 + Level 2.1 Staves
 + Level 2.1 Slings
 + Level 2.1 Bows
 + Level 2.1 Crossbows
 + Level 3.3 Throwing
 + Level 3.3 Armour
 + Level 3.3 Dodging
 + Level 3.1 Stealth
 + Level 2.1 Shields
 + Level 2.1 Unarmed Combat
 + Level 2.1 Spellcasting
 + Level 1.6 Conjurations
 + Level 1.6 Hexes
 + Level 1.6 Summonings
 + Level 1.6 Necromancy
 + Level 1.6 Translocations
 + Level 1.6 Transmutations
 + Level 1.6 Fire Magic
 + Level 1.6 Ice Magic
 + Level 1.6 Air Magic
 + Level 1.6 Earth Magic
 + Level 1.6 Poison Magic
 + Level 2.3 Invocations
 + Level 3.3 Evocations


You had 9 spell levels left.
You didn't know any spells.
Your spell library contained the following spells:

 Spells                   Type           Power      Damage    Failure   Level
 Sandblast                Erth           8%         2d5       36%         1
 Passwall                 Tmut/Erth      3%         N/A       50%         2
 Slow                     Hex            4%         N/A       50%         2
 Confusing Touch          Hex            4%         N/A       75%         3
 Vampiric Draining        Necr           2%         2d6       75%         3
 Lee's Rapid Deconstruct  Erth           2%         3d5*      100%        5


Dungeon Overview and Level Annotations

Branches:
Dungeon (6/15)             Temple (0/1) D:4

Altars:
Elyvilon
Nemelex Xobeh

Shops:
D:4 *

Annotations:
D:5 Grinder


Innate Abilities, Weirdness & Mutations

You have very sharp teeth.
Your uncanny sense of smell can sniff out nearby items.
Your experience applies equally to all skills.
You passively map a small area around you.
You are weak. (Str -2)


Message History

The gnoll sergeant hits you with a +0 spear.
The gnoll sergeant hits you with a +0 spear!
You are too injured to fight recklessly!
You are too injured to fight recklessly!
You are too injured to fight recklessly!
You are too injured to fight recklessly!
You are too injured to fight recklessly!
You are too injured to fight recklessly!
You are too injured to fight recklessly!
You are too injured to fight recklessly!
You are too injured to fight recklessly!
You are too injured to fight recklessly!
You are too injured to fight recklessly!
You are too injured to fight recklessly!
You are too injured to fight recklessly!
You are too injured to fight recklessly!
You are too injured to fight recklessly!
You hit the gnoll sergeant but do no damage.
The gnoll sergeant is heavily wounded.
The gnoll sergeant closely misses you.
You closely miss the gnoll sergeant.
The gnoll sergeant is heavily wounded.
The gnoll sergeant hits you with a +0 spear.
The gnoll sergeant blocks your attack.
The gnoll sergeant is heavily wounded.
The gnoll sergeant hits you with a +0 spear!
* * * LOW HITPOINT WARNING * * *
You closely miss the gnoll sergeant.
The gnoll sergeant is heavily wounded.
The gnoll sergeant hits you with a +0 spear.
* * * LOW HITPOINT WARNING * * *
The gnoll sergeant blocks your attack.
The gnoll sergeant is heavily wounded.
The gnoll sergeant barely misses you.
You barely miss the gnoll sergeant.
The gnoll sergeant is heavily wounded.
The gnoll sergeant hits you with a +0 spear!
* * * LOW HITPOINT WARNING * * *
The gnoll sergeant hits you with a +0 spear!
You die...

.## ##g.....g......# #..
..###.....##g#####.####### #..
...#....#.##g# #........# #..
.......##.##)# ##....P...# #..
......###.##.# #...####..# #..
.#...####.##.# #)..#..†..# #..
.#........##.# #...#..#..# #..
.#..########.# #)..####..######..
.#..# ##.###@................
.#..#######..)##g................
.#..(.....>.........#############
..............##.##.#
.................#*... , ,
##########.####### ...# ∆ #.#
g...., ,, #.# *...#.. #.# .....).


You could see a gnoll sergeant.

Vanquished Creatures
  A phantom (D:5)
  A bullfrog zombie (D:5)
  A bullfrog skeleton (D:4)
  3 iguanas
  A scorpion zombie (D:5)
  4 gnolls
  2 adders
  An adder skeleton (D:4)
  A dart slug (D:2)
  5 orcs
  5 ball pythons
  3 endoplasms (D:2)
  A giant cockroach (D:1)
  4 goblins
  6 hobgoblins
  2 quokkas
  11 bats
  2 frilled lizards
  5 kobolds
  7 rats
66 creatures vanquished.

Vanquished Creatures (collateral kills)
  2 gnolls (D:3)
2 creatures vanquished.

Grand Total: 68 creatures vanquished

Notes
Turn   | Place    | Note
-------+----------+-------------------------------------------
     0 | D:1      | ZombieSheep the Gnoll Wanderer began the quest for the Orb.
     0 | D:1      | ZombieSheep set off with the following items: a +2 mace, a
                  | potion of curing, a scroll of teleportation, a +0 robe
     0 | D:1      | Reached XP level 1. HP: 20/20 MP: 1/1
   233 | D:1      | Reached XP level 2. HP: 24/26 MP: 2/2
  1091 | D:2      | Reached XP level 3. HP: 27/31 MP: 3/3
  1260 | D:2      | Reached skill level 1 in Invocations
  1594 | D:3      | Reached skill level 1 in Short Blades
  1594 | D:3      | Reached skill level 1 in Long Blades
  1594 | D:3      | Reached skill level 1 in Axes
  1594 | D:3      | Reached skill level 1 in Polearms
  1594 | D:3      | Reached skill level 1 in Staves
  1594 | D:3      | Reached skill level 1 in Slings
  1594 | D:3      | Reached skill level 1 in Bows
  1594 | D:3      | Reached skill level 1 in Crossbows
  1594 | D:3      | Reached skill level 1 in Shields
  1594 | D:3      | Reached skill level 1 in Unarmed Combat
  1594 | D:3      | Reached skill level 1 in Spellcasting
  1594 | D:3      | Reached XP level 4. HP: 34/38 MP: 5/5
  1806 | D:3      | Found a white marble altar of Elyvilon.
  1991 | D:3      | You fall into a shaft and drop 2 floors!
  1991 | D:5      | Entered Level 5 of the Dungeon
  2000 | D:5      | Reached skill level 1 in Conjurations
  2000 | D:5      | Reached skill level 1 in Hexes
  2000 | D:5      | Reached skill level 1 in Summonings
  2000 | D:5      | Reached skill level 1 in Necromancy
  2000 | D:5      | Reached skill level 1 in Translocations
  2000 | D:5      | Reached skill level 1 in Transmutations
  2000 | D:5      | Reached skill level 1 in Fire Magic
  2000 | D:5      | Reached skill level 1 in Ice Magic
  2000 | D:5      | Reached skill level 1 in Air Magic
  2000 | D:5      | Reached skill level 1 in Earth Magic
  2000 | D:5      | Reached skill level 1 in Poison Magic
  2012 | D:5      | Reached XP level 5. HP: 37/43 MP: 6/6
  2172 | D:5      | Noticed Grinder
  2175 | D:5      | Noticed a phantom
  2177 | D:5      | Paralysed by Grinder for 2 turns
  2520 | D:5      | Gained mutation: You are weak. (Str -2) [potion of
                  | mutation]
  2520 | D:5      | Gained mutation: You passively map a small area around you.
                  | [potion of mutation]
  2713 | D:5      | Killed a phantom
  2714 | D:5      | Reached XP level 6. HP: 21/50 MP: 8/8
  2941 | D:4      | Found a sparkling altar of Nemelex Xobeh.
  3058 | D:4      | Found Ybuexky's General Store.
  3079 | D:4      | Reached skill level 5 in Fighting
  3496 | D:4      | Found a staircase to the Ecumenical Temple.
  3636 | D:3      | HP: 2/51 [gnoll sergeant (7)]
  3636 | D:3      | Mangled by a gnoll sergeant

Illustrated notes

Levels and vault maps discovered:
D:1:      eino_arrival_tree_alley, layout_basic, serial_bayou_ford_a
D:2:      layout_basic
D:3:      layout_loops_ring, grunt_temple_overflow_diamond, elyvilon_altar_5,
          corexii_shack, grunt_ministairs_5, columned_hall_lemuel,
          grunt_decor_junction, patterned_corridor
D:4:      layout_loops_cross, amcnicky_altar_gilded, temple_fountains,
          nicolae_inconvenience_store
D:5:      layout_loops_cross, lightli_temple_of_fire, grunt_ministairs_11,
          minivault_14, hex_tiny, minmay_bent, uniq_crazy_yiuf_cottage,
          uniq_grinder
D:6:      layout_gridville, lemuel_doored_altar

Skill      XL: |  1  2  3  4  5  6 |
---------------+-------------------+-----
Invocations    | 1 2 |  2.3
Short Blades   | 1 2 |  2.1
Long Blades    | 1 2 |  2.1
Axes           | 1 2 |  2.1
Polearms       | 1 2 |  2.1
Staves         | 1 2 |  2.1
Slings         | 1 2 |  2.1
Bows           | 1 2 |  2.1
Crossbows      | 1 2 |  2.1
Shields        | 1 2 |  2.1
Unarmed Combat | 1 2 |  2.1
Spellcasting   | 1 2 |  2.1
Conjurations   | 1 |  1.6
Hexes          | 1 |  1.6
Summonings     | 1 |  1.6
Necromancy     | 1 |  1.6
Translocations | 1 |  1.6
Transmutations | 1 |  1.6
Fire Magic     | 1 |  1.6
Ice Magic      | 1 |  1.6
Air Magic      | 1 |  1.6
Earth Magic    | 1 |  1.6
Poison Magic   | 1 |  1.6
Throwing       | 3 |  3.3
Armour         | 3 |  3.3
Dodging        | 3 |  3.3
Evocations     | 3 |  3.3
Stealth        | 3 |  3.1
Fighting       | 5 |  5.0
Maces & Flails | |  6.9

Action                   |  1- 3 |  4- 6 || total
-------------------------+-------+-------++-------
Melee: Mace              |    81 |       ||    81
       Bite              |    10 |    14 ||    24
       Quarterstaff      |     2 |   108 ||   110
Evoke: Wand              |       |     1 ||     1
  Use: Scroll            |     2 |     2 ||     4
       Potion            |       |     1 ||     1
 Stab: Sleeping          |     3 |     1 ||     4
Armor: Robe              |    11 |       ||    11
       Ring mail         |    11 |    19 ||    30
Dodge: Dodged            |    56 |    46 ||   102
